[Event "EWIRCC 2019"]
[Site "Monte-Carlo"]
[Date "2019.12.01"]
[Round "11.1"]
[White "Paehtz, Elisabeth"]
[Black "Kosteniuk, Alexandra"]
[Result "1/2-1/2"]
[ECO "D02"]
[WhiteElo "2484"]
[BlackElo "2483"]
[Annotator "ChessBase"]
[PlyCount "77"]
[EventDate "2019.11.28"]
[EventType "swiss"]
[EventCountry "MNC"]
[SourceTitle "playchess.com"]
[Source "ChessBase"]
[SourceQuality "1"]
[TimeControl "5400+30"]

1. d4 Nf6 2. Bf4 d5 3. e3 c5 4. Nf3 Nc6 5. Nbd2 Bg4 6. c3 e6 7. Qa4 Nd7 8. Qb3 Qb6 9. Qxb6 Nxb6 10. Bb5 f6 11. h3 Bh5 12. dxc5 Bxc5 13. Nb3 Nd7 14. Nfd4 Bxd4 15. exd4 Kf7 16. Kd2 a6 17. Bd3 e5 18. Bh2 e4 19. Bc2 g5 20. Rhf1 Bg6 21. f3 exf3 22. Rxf3 Bxc2 23. Kxc2 Rhe8 24. Kd3 Re6 25. Raf1 Kg6 26. Nc1 Rae8 27. R3f2 Re1 28. Rxe1 Rxe1 29. Kd2 Re4 30. Nd3 f5 31. Bc7 h5 32. Re2 h4 33. Nf2 Rxe2+ 34. Kxe2 Nf6 35. Nd3 Ne4 36. Kf3 Nd2+ 37. Ke2 Ne4 38. Kf3 Nd2+ 39. Ke2 1/2-1/2

[Event "EWIRCC 2019"]
[Site "Monte-Carlo"]
[Date "2019.12.01"]
[Round "11.2"]
[White "Girya, Olga"]
[Black "Zhukova, Natalia"]
[Result "1-0"]
[ECO "A58"]
[WhiteElo "2476"]
[BlackElo "2323"]
[Annotator "ChessBase"]
[PlyCount "73"]
[EventDate "2019.11.28"]
[EventType "swiss"]
[EventCountry "MNC"]
[SourceTitle "playchess.com"]
[Source "ChessBase"]
[SourceQuality "1"]
[TimeControl "5400+30"]

1. d4 Nf6 2. c4 c5 3. d5 b5 4. cxb5 a6 5. bxa6 e6 6. Nc3 exd5 7. Nxd5 Be7 8. Nh3 Nxd5 9. Qxd5 Rxa6 10. Nf4 Rd6 11. Qc4 Ba6 12. Qc3 c4 13. Nh5 Rg8 14. Bd2 Nc6 15. O-O-O g6 16. Ng3 Re6 17. e3 d5 18. Kb1 f5 19. Be2 Kf7 20. Bc1 Qd6 21. Bf3 Nb4 22. Ne2 Nd3 23. Nf4 Bf6 24. Qa5 Rb8 25. Nxd3 Rb5 26. Qa4 cxd3 27. Rxd3 Rxb2+ 28. Bxb2 Bxd3+ 29. Ka1 Bxb2+ 30. Kxb2 Qc5 31. Qd4 Qb5+ 32. Ka1 Bc4 33. Rb1 Qa6 34. Rb2 Qa8 35. Qxc4 dxc4 36. Bxa8 f4 37. Bd5 1-0

[Event "EWIRCC 2019"]
[Site "Monte-Carlo"]
[Date "2019.12.01"]
[Round "11.3"]
[White "Muzychuk, Anna"]
[Black "Batsiashvili, Nino"]
[Result "0-1"]
[ECO "C78"]
[WhiteElo "2543"]
[BlackElo "2422"]
[Annotator "ChessBase"]
[PlyCount "96"]
[EventDate "2019.11.28"]
[EventType "swiss"]
[EventCountry "MNC"]
[SourceTitle "playchess.com"]
[Source "ChessBase"]
[SourceQuality "1"]
[TimeControl "5400+30"]

1. e4 e5 2. Nf3 Nc6 3. Bb5 a6 4. Ba4 Nf6 5. O-O Bc5 6. c3 O-O 7. d4 Ba7 8. Bg5 h6 9. Bh4 g5 10. Nxg5 hxg5 11. Bxg5 Qe7 12. Qf3 Kg7 13. Qg3 Nxe4 14. Bxe7+ Nxg3 15. Bxf8+ Kxf8 16. hxg3 exd4 17. Rd1 dxc3 18. Nxc3 Ne5 19. Rac1 c6 20. Kf1 d5 21. Nxd5 cxd5 22. Rxd5 Nc6 23. Bxc6 bxc6 24. Rd8+ Ke7 25. Rh8 Bb7 26. Re1+ Kf6 27. Rh6+ Kg7 28. Rd6 a5 29. Kg1 Bc5 30. Rd7 Ba6 31. b3 Bb4 32. Re4 Rf8 33. Rf4 Bc8 34. Ra7 Be6 35. Re4 Kf6 36. Rf4+ Ke5 37. a3 Bd2 38. Rf3 Rd8 39. b4 axb4 40. Ra5+ Kd4 41. axb4 Bxb4 42. Ra1 Kc4 43. Rf4+ Kb5 44. g4 c5 45. g5 Rd5 46. g6 fxg6 47. Rf6 Bf5 48. f3 Bc3 0-1

[Event "EWIRCC 2019"]
[Site "Monte-Carlo"]
[Date "2019.12.01"]
[Round "11.4"]
[White "Stefanova, Antoaneta"]
[Black "Dornbusch, Tatiana"]
[Result "1-0"]
[ECO "A49"]
[WhiteElo "2481"]
[BlackElo "2269"]
[Annotator "ChessBase"]
[PlyCount "47"]
[EventDate "2019.11.28"]
[EventType "swiss"]
[EventCountry "MNC"]
[SourceTitle "playchess.com"]
[Source "ChessBase"]
[SourceQuality "1"]
[TimeControl "5400+30"]

1. Nf3 Nf6 2. g3 g6 3. Bg2 Bg7 4. O-O O-O 5. d4 c5 6. dxc5 Na6 7. Be3 Qc7 8. Nc3 Nxc5 9. Nb5 Qa5 10. Bxc5 Qxb5 11. Bxe7 Re8 12. Ba3 Qxe2 13. Qxe2 Rxe2 14. Nd4 Rd2 15. c3 d5 16. Rfe1 Bf8 17. Bxf8 Kxf8 18. Rab1 Bd7 19. Bf1 Ne4 20. Be2 Nc5 21. Nf3 Rc2 22. Bd1 Bg4 23. Nd4 Bxd1 24. Rexd1 1-0

[Event "EWIRCC 2019"]
[Site "Monte-Carlo"]
[Date "2019.12.01"]
[Round "11.5"]
[White "Gunina, Valentina"]
[Black "Osmak, Iulija"]
[Result "1-0"]
[ECO "C18"]
[WhiteElo "2509"]
[BlackElo "2401"]
[Annotator "ChessBase"]
[PlyCount "49"]
[EventDate "2019.11.28"]
[EventType "swiss"]
[EventCountry "MNC"]
[SourceTitle "playchess.com"]
[Source "ChessBase"]
[SourceQuality "1"]
[TimeControl "5400+30"]

1. e4 e6 2. d4 d5 3. Nc3 Bb4 4. e5 Ne7 5. a3 Bxc3+ 6. bxc3 c5 7. Qg4 Kf8 8. h4 Qa5 9. Bd2 Qa4 10. Rc1 Nbc6 11. Nf3 b6 12. Bd3 Ba6 13. O-O Bxd3 14. cxd3 c4 15. h5 h6 16. Nh4 cxd3 17. f4 Qc4 18. f5 Nxe5 19. Qg3 N5c6 20. fxe6 f6 21. Ng6+ Kg8 22. Rxf6 Nxg6 23. Qxg6 Nxd4 24. Qf7+ Kh7 25. Rxh6# 1-0

[Event "EWIRCC 2019"]
[Site "Monte-Carlo"]
[Date "2019.12.01"]
[Round "11.6"]
[White "Rogule, Laura"]
[Black "Cramling, Pia"]
[Result "0-1"]
[ECO "D30"]
[WhiteElo "2293"]
[BlackElo "2443"]
[Annotator "ChessBase"]
[PlyCount "49"]
[EventDate "2019.11.28"]
[EventType "swiss"]
[EventCountry "MNC"]
[SourceTitle "playchess.com"]
[Source "ChessBase"]
[SourceQuality "1"]
[TimeControl "5400+30"]

1. c4 e6 2. Nf3 d5 3. d4 Nf6 4. g3 dxc4 5. Qa4+ c6 6. Qxc4 b5 7. Qc2 Bb7 8. Bg2 Nbd7 9. Nc3 Rc8 10. O-O b4 11. Na4 c5 12. dxc5 Nxc5 13. Nxc5 Bxc5 14. Qa4+ Bc6 15. Qa6 O-O 16. Bg5 Qb6 17. Qxb6 axb6 18. Bxf6 gxf6 19. Rfd1 Rfd8 20. Nd2 Bxg2 21. Kxg2 Ra8 22. e3 Ra7 23. Kf3 Kg7 24. g4 Rda8 25. Ne4 0-1

[Event "EWIRCC 2019"]
[Site "Monte-Carlo"]
[Date "2019.12.01"]
[Round "11.7"]
[White "Kashlinskaya, Alina"]
[Black "Arakhamia-Grant, Ketevan"]
[Result "1-0"]
[ECO "A56"]
[WhiteElo "2486"]
[BlackElo "2376"]
[Annotator "ChessBase"]
[PlyCount "87"]
[EventDate "2019.11.28"]
[EventType "swiss"]
[EventCountry "MNC"]
[SourceTitle "playchess.com"]
[Source "ChessBase"]
[SourceQuality "1"]
[TimeControl "5400+30"]

1. d4 Nf6 2. c4 c5 3. d5 e5 4. Nc3 d6 5. e4 Nbd7 6. Bd3 Be7 7. Nge2 Nf8 8. O-O Ng6 9. a3 h5 10. b4 b6 11. Bc2 h4 12. Ba4+ Kf8 13. Bc6 Rb8 14. Rb1 cxb4 15. axb4 a6 16. f3 Nh5 17. Be3 Bg5 18. Bf2 Nhf4 19. c5 Rh5 20. cxb6 Rxb6 21. Kh1 Bf6 22. b5 axb5 23. Bxb6 Qxb6 24. Rxb5 Qc7 25. Qa4 Rg5 26. Qa5 Bd8 27. Qxc7 Bxc7 28. Nxf4 Nxf4 29. Rb2 Ke7 30. Ra1 Nd3 31. Rd2 Nc5 32. Ra7 Kd8 33. Nb5 Bb6 34. Rxf7 Ba6 35. Nxd6 h3 36. Nf5 Bf1 37. gxh3 Nxe4 38. Rd7+ Ke8 39. Nxg7+ Kf8 40. Ne6+ Kg8 41. Nxg5 Nxd2 42. d6 Bc4 43. Rb7 Be3 44. h4 1-0

[Event "EWIRCC 2019"]
[Site "Monte-Carlo"]
[Date "2019.12.01"]
[Round "11.8"]
[White "Muzychuk, Mariya"]
[Black "Chiburdanidze, Maia"]
[Result "1-0"]
[ECO "B19"]
[WhiteElo "2552"]
[BlackElo "2500"]
[Annotator "ChessBase"]
[PlyCount "109"]
[EventDate "2019.11.28"]
[EventType "swiss"]
[EventCountry "MNC"]
[SourceTitle "playchess.com"]
[Source "ChessBase"]
[SourceQuality "1"]
[TimeControl "5400+30"]

1. e4 c6 2. d4 d5 3. Nc3 dxe4 4. Nxe4 Bf5 5. Ng3 Bg6 6. h4 h6 7. Nf3 Nd7 8. h5 Bh7 9. Bd3 Bxd3 10. Qxd3 Ngf6 11. Bd2 Qc7 12. O-O-O e6 13. Ne4 Nxe4 14. Qxe4 Nf6 15. Qe2 Bd6 16. Kb1 c5 17. dxc5 Bxc5 18. Bc3 Rd8 19. Qb5+ Ke7 20. Bb4 b6 21. Nd4 Rc8 22. Nb3 Qc6 23. Qc4 Rhe8 24. f3 Nd5 25. Nxc5 bxc5 26. Bc3 Kf8 27. Rd2 Rb8 28. Re1 Red8 29. Red1 Rd7 30. Bd4 Rc8 31. Bf2 a6 32. f4 Qb5 33. Qxb5 axb5 34. f5 c4 35. fxe6 fxe6 36. Bd4 Rf7 37. c3 Ke7 38. Re1 Kd7 39. g3 Re8 40. Kc2 Ree7 41. Re4 Rf5 42. g4 Rf1 43. Bc5 Ref7 44. a4 R7f4 45. Rxf4 Rxf4 46. axb5 Rxg4 47. b3 Kc7 48. bxc4 Rxc4 49. Bd4 Ra4 50. Kb3 Ra8 51. Bxg7 Rg8 52. Be5+ Kb6 53. c4 Rg5 54. Bd4+ Kb7 55. cxd5 1-0

[Event "EWIRCC 2019"]
[Site "Monte-Carlo"]
[Date "2019.12.01"]
[Round "11.9"]
[White "Belenkaya, Dina"]
[Black "Gaponenko, Inna"]
[Result "0-1"]
[ECO "B09"]
[WhiteElo "2302"]
[BlackElo "2427"]
[Annotator "ChessBase"]
[PlyCount "92"]
[EventDate "2019.11.28"]
[EventType "swiss"]
[EventCountry "MNC"]
[SourceTitle "playchess.com"]
[Source "ChessBase"]
[SourceQuality "1"]
[TimeControl "5400+30"]

1. e4 d6 2. d4 Nf6 3. Nc3 g6 4. f4 Bg7 5. Bd3 O-O 6. Nf3 Nc6 7. Qe2 e5 8. fxe5 dxe5 9. dxe5 Ng4 10. Bg5 Qd7 11. O-O-O Nd4 12. Qf1 Nxf3 13. gxf3 Nxe5 14. Bb5 Qh3 15. Be7 Nxf3 16. Bxf8 Bxf8 17. Qxh3 Bxh3 18. Rd3 Bh6+ 19. Kb1 Nd2+ 20. Ka1 Bg2 21. Rd1 Nxe4 22. Rd8+ Rxd8 23. Rxd8+ Kg7 24. Nxe4 Bxe4 25. Rd7 Bf4 26. Rd4 f5 27. Bd3 Bxh2 28. Bxe4 fxe4 29. Rxe4 h5 30. c4 Kf6 31. Kb1 Kf5 32. Re7 h4 33. Kc2 h3 34. Rh7 Kg4 35. Kd3 Be5 36. Ke2 Kg3 37. Rf7 h2 38. Rf3+ Kg2 39. Rf2+ Kh3 40. Rf3+ Bg3 41. Rf1 Kg2 42. b4 h1=Q 43. Rxh1 Kxh1 44. Kf3 Be1 45. b5 b6 46. a4 Bd2 0-1

[Event "EWIRCC 2019"]
[Site "Monte-Carlo"]
[Date "2019.12.01"]
[Round "11.10"]
[White "Salimova, Nurgyul"]
[Black "Sebag, Marie"]
[Result "1/2-1/2"]
[ECO "D11"]
[WhiteElo "2370"]
[BlackElo "2443"]
[Annotator "ChessBase"]
[PlyCount "61"]
[EventDate "2019.11.28"]
[EventType "swiss"]
[EventCountry "MNC"]
[SourceTitle "playchess.com"]
[Source "ChessBase"]
[SourceQuality "1"]
[TimeControl "5400+30"]

1. Nf3 d5 2. d4 Nf6 3. g3 Bf5 4. Bg2 e6 5. O-O h6 6. c4 c6 7. cxd5 exd5 8. Nc3 Be7 9. Bf4 O-O 10. Ne5 Nbd7 11. Re1 Re8 12. e4 dxe4 13. Qb3 Nxe5 14. dxe5 Nd5 15. Bxe4 Bxe4 16. Rxe4 Nxc3 17. Qxc3 Qd5 18. Rd4 Qe6 19. Qb3 Bc5 20. Qxe6 Rxe6 21. Rd7 g5 22. Be3 Bxe3 23. fxe3 Rxe5 24. Rf1 f5 25. Rxb7 a5 26. Rd1 Rxe3 27. Rd6 Rae8 28. Rg6+ Kf8 29. Rf6+ Kg8 30. Rg6+ Kf8 31. Rf6+ 1/2-1/2

[Event "EWIRCC 2019"]
[Site "Monte-Carlo"]
[Date "2019.12.01"]
[Round "11.11"]
[White "Bodnaruk, Anastasia"]
[Black "Gaprindashvili, Nona"]
[Result "1-0"]
[ECO "B00"]
[WhiteElo "2412"]
[BlackElo "2275"]
[Annotator "ChessBase"]
[PlyCount "111"]
[EventDate "2019.11.28"]
[EventType "swiss"]
[EventCountry "MNC"]
[SourceTitle "playchess.com"]
[Source "ChessBase"]
[SourceQuality "1"]
[TimeControl "5400+30"]

1. e4 b6 2. d4 Bb7 3. Nc3 e6 4. a3 g6 5. f4 d5 6. e5 h5 7. Nf3 Nh6 8. Be3 Nf5 9. Bf2 c5 10. Bd3 Ba6 11. Bxa6 Nxa6 12. g3 Qd7 13. O-O cxd4 14. Nxd4 Nxd4 15. Bxd4 Nc5 16. Qe2 Be7 17. Rad1 Qc6 18. b4 Nd7 19. Nb1 Rc8 20. c3 a5 21. Nd2 Kf8 22. h3 Kg7 23. Kg2 Qa4 24. g4 hxg4 25. hxg4 Qxa3 26. f5 Bg5 27. Nf3 Bf4 28. f6+ Kg8 29. Ra1 Qb3 30. Rfb1 Qc4 31. Qxc4 Rxc4 32. bxa5 bxa5 33. Rxa5 Rc8 34. Ra7 Nf8 35. Rbb7 Rh7 36. g5 Rh5 37. Rxf7 Bxg5 38. Rg7+ Kh8 39. Rgc7 Rd8 40. Bc5 Bh6 41. Rf7 Rb8 42. Kg3 Rc8 43. Rfc7 Rxc7 44. Rxc7 Kg8 45. Bd6 Rf5 46. Nd4 Bf4+ 47. Kf3 Rxf6 48. exf6 Bxd6 49. Rg7+ Kh8 50. Kg4 Be5 51. Kg5 Bxd4 52. cxd4 e5 53. dxe5 Ne6+ 54. Kxg6 Nxg7 55. fxg7+ Kg8 56. e6 1-0

[Event "EWIRCC 2019"]
[Site "Monte-Carlo"]
[Date "2019.12.01"]
[Round "11.12"]
[White "Antova, Gabriela"]
[Black "Daulyte-Cornette, Deimante"]
[Result "1/2-1/2"]
[ECO "A21"]
[WhiteElo "2314"]
[BlackElo "2405"]
[Annotator "ChessBase"]
[PlyCount "87"]
[EventDate "2019.11.28"]
[EventType "swiss"]
[EventCountry "MNC"]
[SourceTitle "playchess.com"]
[Source "ChessBase"]
[SourceQuality "1"]
[TimeControl "5400+30"]

1. d4 d6 2. c4 e5 3. Nc3 exd4 4. Qxd4 Nc6 5. Qd2 Nf6 6. b3 a5 7. Bb2 a4 8. Rd1 axb3 9. axb3 g6 10. Nf3 Bg7 11. g3 O-O 12. Bg2 Be6 13. O-O Nd7 14. Ng5 Nc5 15. Nxe6 fxe6 16. Qe3 Qe7 17. Rd2 Rfe8 18. Ne4 Nxe4 19. Bxe4 Bxb2 20. Rxb2 Ra3 21. Qd2 Ne5 22. Qb4 Ra7 23. h4 c6 24. Qc3 Qg7 25. Rd2 d5 26. cxd5 exd5 27. Bg2 Raa8 28. e4 dxe4 29. Bxe4 Rf8 30. Kg2 Rf7 31. Rfd1 Raf8 32. f4 Ng4 33. Qxg7+ Kxg7 34. Kf3 Nf6 35. Rd8 Rxd8 36. Rxd8 Re7 37. Bd3 h5 38. Bc4 Ng4 39. Rg8+ Kh7 40. Rf8 Kg7 41. Rg8+ Kh7 42. Rf8 Kg7 43. Rg8+ Kh7 44. Rf8 1/2-1/2

[Event "EWIRCC 2019"]
[Site "Monte-Carlo"]
[Date "2019.12.01"]
[Round "11.13"]
[White "Socko, Monika"]
[Black "Unuk, Laura"]
[Result "0-1"]
[ECO "E12"]
[WhiteElo "2417"]
[BlackElo "2298"]
[Annotator "ChessBase"]
[PlyCount "82"]
[EventDate "2019.11.28"]
[EventType "swiss"]
[EventCountry "MNC"]
[SourceTitle "playchess.com"]
[Source "ChessBase"]
[SourceQuality "1"]
[TimeControl "5400+30"]

1. d4 Nf6 2. c4 e6 3. Nf3 b6 4. Bf4 Bb7 5. e3 Bb4+ 6. Nfd2 O-O 7. a3 Be7 8. Nc3 d5 9. Be2 c5 10. dxc5 bxc5 11. O-O d4 12. Na4 Nc6 13. Bf3 Qc8 14. Bg5 Nd7 15. Bxe7 Nxe7 16. b4 dxe3 17. fxe3 cxb4 18. axb4 Ne5 19. Nc5 Bxf3 20. gxf3 a5 21. f4 N5g6 22. Qb3 axb4 23. Rxa8 Qxa8 24. Qxb4 Nf5 25. Qc3 Nfh4 26. Rf2 Qc6 27. Nce4 f5 28. Ng5 e5 29. c5 exf4 30. Qc4+ Kh8 31. exf4 h6 32. Ngf3 Rc8 33. Nxh4 Nxh4 34. Re2 Kh7 35. Nb3 Qf3 36. Nd2 Qg4+ 37. Kf1 Qh3+ 38. Ke1 Qg4 39. Qd4 Ng2+ 40. Kf1 Nxf4 41. Rf2 Qd1# 0-1

[Event "EWIRCC 2019"]
[Site "Monte-Carlo"]
[Date "2019.12.01"]
[Round "11.14"]
[White "Mkrtchian, Lilit"]
[Black "Muetsch, Annmarie"]
[Result "1-0"]
[ECO "A26"]
[WhiteElo "2402"]
[BlackElo "2240"]
[Annotator "ChessBase"]
[PlyCount "165"]
[EventDate "2019.11.28"]
[EventType "swiss"]
[EventCountry "MNC"]
[SourceTitle "playchess.com"]
[Source "ChessBase"]
[SourceQuality "1"]
[TimeControl "5400+30"]

1. c4 Nf6 2. g3 g6 3. Bg2 Bg7 4. Nc3 O-O 5. e4 d6 6. Nge2 e5 7. O-O Nc6 8. d3 Ne8 9. h3 f5 10. exf5 Bxf5 11. Be3 Nf6 12. d4 exd4 13. Nxd4 Nxd4 14. Bxd4 c6 15. Qd2 Qc7 16. Rad1 Rad8 17. b3 Be6 18. Rfe1 Bf5 19. Be3 Qa5 20. Bd4 Rf7 21. Qb2 Qc7 22. Ne2 g5 23. Bc3 Qc8 24. Kh2 c5 25. Ng1 h6 26. Qd2 Kh8 27. Re2 Qc7 28. Rde1 b6 29. Bxf6 Bxf6 30. Bd5 Rg7 31. Re8+ Rxe8 32. Rxe8+ Kh7 33. Be4 Bxe4 34. Rxe4 Re7 35. Qd3 Kg7 36. Nf3 Qb7 37. Nd2 Qd7 38. Qd5 Bd4 39. Rxe7+ Qxe7 40. Ne4 Be5 41. Kg2 Qf7 42. Qd3 Qe6 43. Nd2 Bd4 44. Qf3 Qf7 45. Ne4 Be5 46. Qd3 Qe6 47. Nd2 Bd4 48. Nf3 Bf6 49. Nd2 Bd4 50. Qe4 Qxe4+ 51. Nxe4 Be5 52. Kf3 Kg6 53. Ke3 Kf5 54. Nd2 Bd4+ 55. Ke2 h5 56. f3 g4 57. hxg4+ hxg4 58. Ne4 Be5 59. Ke3 Bd4+ 60. Ke2 Be5 61. Nf2 Bxg3 62. Nxg4 Bf4 63. Kd3 Bg5 64. Nf2 Bf4 65. Ne4 Be5 66. Nf2 Kf4 67. Ke2 Kf5 68. Nd3 Bd4 69. Ne1 Kf4 70. Ng2+ Kf5 71. Ne3+ Ke5 72. Nd5 Kf5 73. Nc7 Be5 74. Nb5 a5 75. a4 Kg5 76. Nc7 Bf6 77. Nd5 Bd8 78. Kd3 Kf5 79. Ke3 Bg5+ 80. f4 Bd8 81. Kf3 Ke6 82. Ke4 Kf7 83. Kf5 1-0

[Event "EWIRCC 2019"]
[Site "Monte-Carlo"]
[Date "2019.12.01"]
[Round "11.15"]
[White "Bensdorp-De Labaca, Marlies"]
[Black "Worek, Joanna"]
[Result "1-0"]
[ECO "A57"]
[WhiteElo "2228"]
[BlackElo "2316"]
[Annotator "ChessBase"]
[PlyCount "135"]
[EventDate "2019.11.28"]
[EventType "swiss"]
[EventCountry "MNC"]
[SourceTitle "playchess.com"]
[Source "ChessBase"]
[SourceQuality "1"]
[TimeControl "5400+30"]

1. d4 Nf6 2. c4 c5 3. d5 b5 4. Qc2 g6 5. e4 bxc4 6. Bxc4 d6 7. Nf3 Bg7 8. O-O O-O 9. h3 a5 10. Bf4 Ba6 11. Nbd2 Nbd7 12. Rad1 Ne8 13. Rfe1 Nb6 14. b3 a4 15. e5 axb3 16. axb3 Nc7 17. exd6 exd6 18. Ne4 Nc8 19. Bg5 f6 20. Bf4 Kh8 21. Qc1 Bxc4 22. bxc4 Ra4 23. Qc2 Rb4 24. Bd2 Rb8 25. Bc3 Nb6 26. Ba5 Nc8 27. Rb1 Ra8 28. Qd2 Ra7 29. Rb8 Qd7 30. Bc3 Na6 31. Rbb1 h6 32. Qb2 Qf7 33. Qd2 Kg8 34. Ng3 Nc7 35. Re2 Ra4 36. Qd3 Ra3 37. Qc2 Na6 38. Qb2 Rxc3 39. Qxc3 f5 40. Qe1 Nb4 41. Re6 g5 42. Qd2 g4 43. hxg4 fxg4 44. Nh4 Nb6 45. Rc1 Qxf2+ 46. Qxf2 Rxf2 47. Nhf5 Bf8 48. Nxh6+ Bxh6 49. Rxh6 Rf4 50. Rxd6 Nxc4 51. Rd7 Ne5 52. Rd8+ Kf7 53. Rxc5 Nbd3 54. Rc7+ Kg6 55. Rd6+ Rf6 56. Rd8 Nf4 57. Rg8+ Kh6 58. Rh8+ Kg6 59. Rg8+ Kh6 60. d6 Ne6 61. Re7 Nc6 62. Nf5+ Rxf5 63. Rxe6+ Kh7 64. Rxg4 Rd5 65. d7 Nd4 66. Re3 Nf5 67. Rh3+ Nh6 68. Rgh4 1-0

[Event "EWIRCC 2019"]
[Site "Monte-Carlo"]
[Date "2019.12.01"]
[Round "11.17"]
[White "Terbe, Julianna"]
[Black "Michna, Marta"]
[Result "0-1"]
[ECO "A48"]
[WhiteElo "2287"]
[BlackElo "2366"]
[Annotator "ChessBase"]
[PlyCount "102"]
[EventDate "2019.11.28"]
[EventType "swiss"]
[EventCountry "MNC"]
[SourceTitle "playchess.com"]
[Source "ChessBase"]
[SourceQuality "1"]
[TimeControl "5400+30"]

1. d4 Nf6 2. Nf3 d6 3. Bf4 g6 4. h3 Bg7 5. e3 O-O 6. Be2 Nfd7 7. O-O e5 8. Bh2 Nc6 9. c4 f5 10. Nc3 e4 11. Nd2 Nf6 12. Rc1 h6 13. a3 Kh7 14. b4 Ne7 15. f3 exf3 16. Bxf3 g5 17. e4 f4 18. Nb3 Ng6 19. Qd3 Nh4 20. Rcd1 Kh8 21. e5 dxe5 22. dxe5 Qxd3 23. Rxd3 Nd7 24. e6 Ne5 25. e7 Re8 26. Rd8 Nhxf3+ 27. gxf3 Bd7 28. Rxa8 Rxa8 29. Nc5 Re8 30. Nxd7 Nxd7 31. Rd1 Rxe7 32. Nd5 Rf7 33. Nxc7 Ne5 34. Ne6 Nxc4 35. a4 Re7 36. Nc5 b6 37. Ne4 Kh7 38. h4 Kg6 39. hxg5 hxg5 40. Rd5 Be5 41. Rd8 a5 42. bxa5 bxa5 43. Rg8+ Bg7 44. Rc8 Ne5 45. Kg2 Rb7 46. Bg1 Rb2+ 47. Bf2 Ra2 48. Ra8 Nd3 49. Ra6+ Kh5 50. Rxa5 Nxf2 51. Nxg5 Ne4+ 0-1

[Event "EWIRCC 2019"]
[Site "Monte-Carlo"]
[Date "2019.12.01"]
[Round "11.18"]
[White "Bulmaga, Irina"]
[Black "Janzelj, Lara"]
[Result "1-0"]
[ECO "D05"]
[WhiteElo "2435"]
[BlackElo "2158"]
[Annotator "ChessBase"]
[PlyCount "98"]
[EventDate "2019.11.28"]
[EventType "swiss"]
[EventCountry "MNC"]
[SourceTitle "playchess.com"]
[Source "ChessBase"]
[SourceQuality "1"]
[TimeControl "5400+30"]

1. d4 d5 2. Nf3 Nf6 3. e3 e6 4. Bd3 Bd6 5. b3 O-O 6. Bb2 Nbd7 7. Ne5 c5 8. Nd2 Qe7 9. O-O b6 10. f4 Bb7 11. Qf3 cxd4 12. exd4 Rfc8 13. Rae1 a5 14. f5 Nf8 15. Qh3 Ne4 16. Nxe4 dxe4 17. Bxe4 Bxe4 18. Rxe4 Rxc2 19. f6 gxf6 20. Ng4 f5 21. Nh6+ Kh8 22. Nxf5 Qc7 23. Nxd6 Qxd6 24. d5+ Kg8 25. Be5 Qc5+ 26. Bd4 Qxd5 27. Qf3 f5 28. Rg4+ Ng6 29. Qxd5 exd5 30. Rxf5 Re8 31. h4 Re4 32. Rxe4 dxe4 33. h5 Rxg2+ 34. Kxg2 Nh4+ 35. Kf2 Nxf5 36. Bxb6 Kf7 37. Bxa5 Ke6 38. Bb6 Kd5 39. a4 Kc6 40. Be3 Ng7 41. h6 Nf5 42. b4 Kb7 43. b5 Nd6 44. Bc5 Nf5 45. a5 Nxh6 46. a6+ Kc7 47. b6+ Kc6 48. b7 Ng4+ 49. Ke2 Kd5 1-0

[Event "EWIRCC 2019"]
[Site "Monte-Carlo"]
[Date "2019.12.01"]
[Round "11.19"]
[White "Zakurdjaeva, Irina"]
[Black "Guichard, Pauline"]
[Result "0-1"]
[ECO "C60"]
[WhiteElo "2235"]
[BlackElo "2407"]
[Annotator "ChessBase"]
[PlyCount "82"]
[EventDate "2019.11.28"]
[EventType "swiss"]
[EventCountry "MNC"]
[SourceTitle "playchess.com"]
[Source "ChessBase"]
[SourceQuality "1"]
[TimeControl "5400+30"]

1. e4 e5 2. Nf3 Nc6 3. Bb5 g6 4. O-O Bg7 5. c3 a6 6. Ba4 b5 7. Bb3 Nge7 8. d4 exd4 9. cxd4 d6 10. Nc3 O-O 11. Re1 Bg4 12. Be3 Bxf3 13. gxf3 Qd7 14. Kg2 Na5 15. Rc1 Rfd8 16. Bg5 h6 17. Bxe7 Qxe7 18. Nd5 Qg5+ 19. Kh1 c6 20. Rg1 Qh4 21. Rg4 Qxf2 22. Ne7+ Kf8 23. Nxc6 Nxc6 24. Rxc6 Rac8 25. Rg2 Qxd4 26. Rd2 Qe5 27. Rdxd6 Bf6 28. Rxc8 Rxc8 29. Rd7 Be7 30. Qd2 g5 31. Kg2 a5 32. Bd5 Rd8 33. Rxd8+ Bxd8 34. a3 Bc7 35. Kh1 b4 36. axb4 axb4 37. Qxb4+ Bd6 38. Qd2 h5 39. b4 h4 40. Qa2 h3 41. Bxf7 Qc3 0-1